 Dungeon Crawl Stone Soup version 0.24.0-2-g5b39cebb1c (webtiles) character file.

Game seed: 1955977957131141060, levelgen mode: deterministic

5 Monsterracer the Sneak (level 1, -1/9 HPs)
             Began as a Spriggan Enchanter on Oct 29, 2019.
             Hit by a stone thrown by a kobold (2 damage)
             ... on level 1 of the Dungeon.
             The game lasted 00:00:54 (158 turns).

Monsterracer the Sneak (Spriggan Enchanter)          Turns: 158, Time: 00:00:54

Health: -1/9       AC:  2    Str:  4    XL:     1   Next: 66%
Magic:  5/5        EV: 18    Int: 16    God:
Gold:   17         SH:  0    Dex: 16    Spells: 4/5 levels left

rFire    . . .     SeeInvis +   a - +1 dagger
rCold    . . .     Gourm    .   (shield restricted)
rNeg     . . .     Faith    .   b - +0 robe
rPois    .         Spirit   .   (helmet restricted)
rElec    .         Reflect  .   (no cloak)
rCorr    .         Harm     .   (gloves unavailable)
MR       .....                  (boots unavailable)
Stlth    +++.......             (no amulet)
HPRegen  0.03/turn              (no ring)
MPRegen  0.09/turn              (no ring)

@: very quick
A: very small, unfitting armour, see invisible, herbivore, speed 3, slow
metabolism 2
a: no special abilities


You were on level 1 of the Dungeon.
You were not hungry.

You visited 1 branch of the dungeon, and saw 1 of its levels.

You collected 17 gold pieces.

Inventory:

Hand Weapons
 a - a +1 dagger (weapon)
Armour
 b - a +0 robe (worn)
Comestibles
 c - a ration


   Skills:
 * Level 1.4 Short Blades
 - Level 3.0 Dodging
 + Level 4.5 Stealth
 + Level 2.8 Spellcasting
 + Level 3.7 Hexes


You had 4 spell levels left.
You knew the following spells:

 Your Spells              Type           Power        Failure   Level  Hunger
j - Corona                Hex            ##.....      4%          1    #......

Your spell library contained the following spells:

 Spells                   Type           Power        Failure   Level  Hunger
 Confuse                  Hex            ##......     12%         3    ###....
 Tukima's Dance           Hex            ##......     12%         3    ###....
 Ensorcelled Hibernation  Hex/Ice        #.....       14%         2    ##.....
 Dazzling Spray           Conj/Hex       #.....       26%         3    ###....


Dungeon Overview and Level Annotations

Branches:
Dungeon (1/15)

Altars:


Innate Abilities, Weirdness & Mutations

You are very small and have problems with some larger weapons.
You are too small for most types of armour.
You have supernaturally acute eyesight. (SInv)
You are a herbivore.
You cover ground extremely quickly.
You need to consume almost no food.


Message History

The jackal is moderately wounded.
The jackal bites you.
You hit the jackal.
The jackal is severely wounded.
The jackal barely misses you.
You hit the jackal but do no damage.
The jackal is severely wounded.
The jackal completely misses you.
The jackal bites you but does no damage.
You hit the jackal.
The jackal is almost dead.
The jackal barely misses you.
You hit the jackal.
You kill the jackal!
The jackal completely misses you.
Casting: Corona (safe; 4% risk of failure)
Confirm with . or Enter, or press ? or * to list all spells.
Aiming: Corona (safe; 4% risk of failure)
Press: ? - help, Shift-Dir - straight line, f - jackal
Aim: a jackal (chance to defeat MR: 68%)
The jackal is outlined in light.
The jackal misses you.
You hit the jackal but do no damage. The jackal closely misses you.
The jackal misses you.
You barely miss the jackal. The jackal misses you.
You hit the jackal.
The jackal is severely wounded.
The jackal bites you but does no damage.
You hit the jackal but do no damage.
The jackal is severely wounded.
The jackal misses you. The jackal barely misses you.
You hit the jackal but do no damage.
The jackal is severely wounded.
The jackal misses you.
You hit the jackal.
The jackal is almost dead.
The jackal barely misses you.
You hit the jackal but do no damage.
The jackal is almost dead.
The jackal completely misses you. The jackal closely misses you.
You hit the jackal.
The jackal is almost dead.
The jackal misses you.
You hit the jackal.
You kill the jackal!
You barely miss the jackal.
The jackal bites you but does no damage. x2
Casting: Corona (safe; 4% risk of failure)
Confirm with . or Enter, or press ? or * to list all spells.
Aiming: Corona (safe; 4% risk of failure)
Press: ? - help, Shift-Dir - straight line, f - jackal
Aim: a jackal (chance to defeat MR: 68%)
The jackal is outlined in light.
The jackal misses you.
You barely miss the jackal. The jackal barely misses you.
You hit the jackal.
The jackal is moderately wounded.
The jackal closely misses you. The jackal completely misses you.
You closely miss the jackal.
The jackal is moderately wounded.
The jackal barely misses you.
You barely miss the jackal.
The jackal is moderately wounded.
The jackal completely misses you.
You hit the jackal.
The jackal is heavily wounded.
The jackal misses you.
You hit the jackal.
The jackal is severely wounded.
The jackal barely misses you. The jackal misses you.
You hit the jackal but do no damage.
The jackal is severely wounded.
The jackal misses you.
You hit the jackal but do no damage.
The jackal is severely wounded.
The jackal barely misses you.
You hit the jackal.
You kill the jackal!
The kobold throws a stone.
The stone misses you. The kobold barely misses you.
Things that are here:
a jackal corpse x2
You barely miss the kobold. The rat bites you. The kobold barely misses you.
You hit the kobold.
The kobold is heavily wounded.
The rat closely misses you. The kobold barely misses you.
You closely miss the kobold.
The kobold is heavily wounded.
The rat barely misses you. The kobold barely misses you.
You hit the kobold but do no damage.
The kobold is heavily wounded.
The rat bites you. The kobold misses you.
You hit the kobold but do no damage.
The kobold is heavily wounded.
The rat closely misses you.
You hit the kobold.
The kobold is severely wounded.
The kobold hits you with a +0 dagger.
* * * LOW HITPOINT WARNING * * *
The rat barely misses you.
The kobold throws a stone.
The stone hits you.
You die...

# #......#
#.#......##
#.#.......#.
...........
#.......#
#r....#
#K#.......
#.####.... ##@##
... #.(.# #####
###.#.## #...#
#......# #.<.#
#.#†##.# #...#
#.#.##.#####'###
#.#......#.....#
#.####.###.....#
#.####.#.'..8..+


You could see a kobold and a rat.

Vanquished Creatures
  4 jackals (D:1)
4 creatures vanquished.

Notes
Turn   | Place    | Note
-------+----------+-------------------------------------------
     0 | D:1      | Monsterracer the Spriggan Enchanter began the quest for the
                  | Orb.
     0 | D:1      | Reached XP level 1. HP: 9/9 MP: 5/5
   154 | D:1      | HP: 4/9 [rat (2)]
   156 | D:1      | HP: 1/9 [kobold/+0 dagger (3)]
   158 | D:1      | Hit by a stone thrown by a kobold

Levels and vault maps discovered:
D:1:      minmay_arrival_stair_chambers, layout_loops_cross

Action                   || total
-------------------------++-------
Melee: Dagger            ||    39
 Cast: Corona            ||     3
Armor: Robe              ||     5
Dodge: Dodged            ||    45
